Wolfes vs Sasquatch (R1)

Created - February 20, 2020 at 22:45

Goals
1 2 3 T
Wolfes 2 2 2 6
Sasquatch 0 0 2 2
Shots
1 2 3 T
Wolfes 18 13 10 41
Sasquatch 13 8 10 31

1st period

1. Wolfes , Benn Ferriero 15 (Martin Hanzal 31, Blake Pietila 30) at 8:21
2. Wolfes , Martin Hanzal 25 (Benn Ferriero 11, Joe Morrow 16) at 14:59

Penalties :
Brett Kulak (Gat) for Hooking (Minor) at 3:10, Matt Halischuk (Gat) for Delaying the game (Minor) at 11:56, Blake Pietila (RIM) for Hooking (Minor) at 15:12

2nd period

3. Wolfes , Blake Pietila 29 (Martin Hanzal 32, Michael Stone 32) at 1:17
4. Wolfes , Thomas Spelling 6 (Zachary Sanford 17, Jeffrey Foss 15) at 17:48 (PP)

Penalties :
Angelo Esposito (RIM) for Tripping (Minor) at 7:09, Barclay Goodrow (RIM) for Cross-checking (Minor) at 12:40, Petr Straka (Gat) for Hooking (Minor) at 16:07

3rd period

5. Wolfes , Martin Hanzal 26 (Jeffrey Foss 16, Angelo Esposito 5) at 7:50
6. Wolfes , Blake Pietila 30 (Joe Morrow 17, Jamie Oleksiak 15) at 12:38
7. Sasquatch , Christoffer Ehn 2 (Dmitri Orlov 19, Ryan Dzingel 12) at 12:51
8. Sasquatch , Dmitri Orlov 5 (Brett Kulak 6, Devin Shore 43) at 14:09

Penalties :
Martin Hanzal (RIM) for Tripping (Minor) at 0:47, Anton Lindholm (RIM) for Roughing (Minor) at 3:42

Goalie Stats

Laurent Brossoit (RIM), 29 saves from 31 shots - (0.935), W, 22-13-3, 60:00 minutes
Joonas Korpisalo (Gat), 35 saves from 41 shots - (0.854), L, 22-13-3, 60:00 minutes

Players Stats for Wolfes

Player Name              G  A  P  +/- PIM S  H  SB GA TA FO     MP     PP MP  PK MP  
------------------------------------------------------------------------------------
Angelo Esposito          0  1  1   1  2   2  0  0  0  1  4/6     6:11   0:00   0:00 
Anton Lindholm           0  0  0   0  2   1  0  2  0  0  0/0     8:49   0:00   0:00 
Barclay Goodrow          0  0  0   0  2   1  1  1  1  0  0/0    11:39   0:00   0:00 
Benn Ferriero            1  1  2   3  0   4  1  2  0  0  1/1    18:53   2:32   2:31 
Blake Pietila            2  1  3   3  2   6  3  0  0  0  1/2    21:05   2:32   4:42 
Jacob Lagacé             0  0  0   0  0   1  1  1  1  0  0/0    12:20   0:00   0:38 
Jamie Oleksiak           0  1  1   2  0   3  0  0  0  1  0/0    18:44   1:37   4:04 
Jeffrey Foss             0  2  2   1  0   4  2  0  1  0  0/0    26:41   4:02   5:51 
Joe Morrow               0  2  2   2  0   4  1  0  0  0  0/0    18:44   1:37   4:04 
Joonas Lyytinen          0  0  0   0  0   0  0  1  0  0  0/0     5:45   0:00   0:00 
Jyrki Jokipakka          0  0  0   0  0   0  0  0  0  0  0/0     5:45   0:00   0:00 
Klas Dahlbeck            0  0  0   0  0   0  1  1  0  0  0/0     8:50   0:00   0:00 
Kyle Rau                 0  0  0   0  0   0  1  2  0  0  1/3    14:16   0:00   2:31 
Martin Hanzal            2  2  4   4  2   8  1  0  0  0  20/32  25:10   2:42   3:59 
Michael Stone            0  1  1   1  0   2  0  3  2  0  0/0    26:41   4:02   5:51 
Nicolas Deschamps        0  0  0   0  0   0  0  0  0  0  0/1     2:04   0:16   0:00 
Pavel Kraskovsky         0  0  0   0  0   0  0  0  0  0  0/0     0:20   0:13   0:00 
Scott Timmins            0  0  0  -1  0   1  3  0  1  0  8/17   19:28   2:54   3:57 
Thomas Spelling          1  0  1  -1  0   1  0  0  0  2  0/0    15:29   2:54   0:00 
Victor Olofsson          0  0  0   1  0   0  0  0  0  0  0/0     6:05   0:00   0:00 
Zachary Sanford          0  1  1  -1  0   3  0  0  1  0  0/0    17:01   2:54   1:32 

Players Stats for Sasquatch

Player Name              G  A  P  +/- PIM S  H  SB GA TA FO     MP     PP MP  PK MP  
------------------------------------------------------------------------------------
Brett Kulak              0  1  1   1  2   1  1  0  0  0  0/0    11:38   0:00   1:08 
Brett Pesce              0  0  0  -2  0   2  0  4  0  1  0/0    19:13   3:39   0:34 
Brock Trotter            0  0  0   0  0   1  0  0  0  0  0/0     8:14   0:00   0:41 
Christoffer Ehn          1  0  1  -1  0   1  0  1  0  0  10/18  15:35   4:06   0:00 
Devin Shore              0  1  1   0  0   1  0  0  0  0  11/29  20:38   5:49   0:23 
Dmitri Orlov             1  1  2   1  0   2  0  2  1  0  0/0    16:27   3:39   0:21 
Hudson Fasching          0  0  0  -2  0   1  1  0  0  0  0/0     9:54   0:00   0:00 
Ian Cole                 0  0  0  -2  0   0  5  1  1  0  0/0    25:21   6:16   2:03 
Jerry D'Amigo            0  0  0   0  0   3  0  0  1  1  0/0    10:23   0:00   1:46 
Jujhar Khaira            0  0  0   0  0   4  2  1  1  0  0/2    22:12   4:05   3:02 
Martin Marincin          0  0  0  -2  0   4  2  2  0  0  0/0    18:33   0:00   3:36 
Matt Halischuk           0  0  0   0  2   1  4  0  0  1  0/1    21:08   5:49   0:00 
Patrick Wey              0  0  0  -2  0   2  1  1  0  1  0/0    28:57   6:16   3:36 
Petr Straka              0  0  0  -1  2   4  1  0  0  0  0/0    16:13   4:06   0:39 
Quinton Howden           0  0  0  -2  0   2  2  1  0  1  4/9    13:01   0:01   3:01 
Ryan Dzingel             0  1  1  -1  0   1  3  0  0  1  1/1    16:34   5:49   0:00 
T.J. Tynan               0  0  0   0  0   0  1  0  0  1  1/2     7:33   0:00   0:00 
Teemu Hartikainen        0  0  0  -2  0   1  3  0  0  0  0/0    12:44   0:00   1:46 

3 Stars

1 - Martin Hanzal (RIM)
2 - Blake Pietila (RIM)
3 - Benn Ferriero (RIM)

Power Play

Wolfes - 1 on 3 Attempt(s) - 33.33%
Sasquatch - 0 on 5 Attempt(s) - 0.00%

Penalty Kill

Wolfes - 5 on 5 Attempt(s) - 100.00% - Score 0 goal in Penalty Kill
Sasquatch - 2 on 3 Attempt(s) - 66.67% - Score 0 goal in Penalty Kill

Team Stat

Wolfes - Hits : 15 - Faceoff Wins : 35 - Blocked Shots : 13 - Penalty Minutes : 10
Sasquatch - Hits : 26 - Faceoff Wins : 27 - Blocked Shots : 13 - Penalty Minutes : 6

Official

Referees : Unknown
Linesman : Unknown

Game Notes

No Game Note

Finance

Level 1 -- Attendance: 1427 (71.35%) -- Ticket Income $57,080
Level 2 -- Attendance: 652 (65.20%) -- Ticket Income $13,040
Total Attendance: 2079 (69.30%)
Total Ticket Income: $70,120
Other Income: $3,506
Total Income: $73,626

Wolfes

5 vs 5 Forward 
   Center                   Left Wing                Right Wing               Time % Phy DF OF 
 1 Martin Hanzal            Blake Pietila            Benn Ferriero            40     1   2  2  
 2 Scott Timmins            Zachary Sanford          Thomas Spelling          30     1   2  2  
 3 Kyle Rau                 Jacob Lagacé             Barclay Goodrow          20     1   2  2  
 4 Angelo Esposito          Martin Hanzal            Victor Olofsson          10     1   2  2  

5 vs 5 Defense 
   Defense                  Defense                                           Time % Phy DF OF 
 1 Jeffrey Foss             Michael Stone                                     40     1   2  2  
 2 Jamie Oleksiak           Joe Morrow                                        30     1   2  2  
 3 Klas Dahlbeck            Anton Lindholm                                    20     1   2  2  
 4 Jyrki Jokipakka          Joonas Lyytinen                                   10     1   2  2  

PowerPlay Forward 
   Center                   Left Wing                Right Wing               Time % Phy DF OF 
 1 Martin Hanzal            Blake Pietila            Benn Ferriero            60     1   2  2  
 2 Scott Timmins            Zachary Sanford          Thomas Spelling          40     1   2  2  

PowerPlay Defense
   Defense                  Defense                                           Time % Phy DF OF 
 1 Jeffrey Foss             Michael Stone                                     60     1   2  2  
 2 Jamie Oleksiak           Joe Morrow                                        40     1   2  2  

Penalty Kill 4 Players Forward 
   Center                   Wing                     Time % Phy DF OF 
 1 Martin Hanzal            Blake Pietila            60     1   2  2  
 2 Benn Ferriero            Scott Timmins            40     1   2  2  

Penalty Kill 4 Players Defense
   Defense                  Defense                  Time % Phy DF OF 
 1 Jeffrey Foss             Michael Stone            60     1   2  2  
 2 Jamie Oleksiak           Joe Morrow               40     1   2  2  

Penalty Kill - 3 Players Forward 
   Forward                                           Time % Phy DF OF 
 1 Martin Hanzal                                     60     1   2  2  
 2 Blake Pietila                                     40     1   2  2  

Penalty Kill - 3 Players Defense
   Defense                  Defense                  Time % Phy DF OF 
 1 Jeffrey Foss             Michael Stone            60     1   2  2  
 2 Jamie Oleksiak           Joe Morrow               40     1   2  2  

4 vs 4 Forward 
   Center                   Wing                     Time % Phy DF OF 
 1 Martin Hanzal            Blake Pietila            60     1   2  2  
 2 Benn Ferriero            Scott Timmins            40     1   2  2  

4 vs 4 Defense
   Defense                  Defense                  Time % Phy DF OF 
 1 Jeffrey Foss             Michael Stone            60     1   2  2  
 2 Jamie Oleksiak           Joe Morrow               40     1   2  2  

Last Minutes Offensive
   Center                   Left Wing                Right Wing               Defense                  Defense                  
   Martin Hanzal            Blake Pietila            Benn Ferriero            Jeffrey Foss             Michael Stone            

Last Minutes Defensive
   Center                   Left Wing                Right Wing               Defense                  Defense                  
   Martin Hanzal            Blake Pietila            Benn Ferriero            Jeffrey Foss             Michael Stone            

Goaltenders
Starting : Laurent Brossoit         
Backup : Jeremy Smith             

Extra Forwards
Normal : Nicolas Deschamps, Pavel Kraskovsky, Kyle Rau - PP : Nicolas Deschamps, Pavel Kraskovsky - PK : Kyle Rau
Extra Defensemen
Normal : Klas Dahlbeck, Anton Lindholm, Jyrki Jokipakka - PP : Klas Dahlbeck - PK : Anton Lindholm, Jyrki Jokipakka
Penalty Shots
Martin Hanzal, Blake Pietila, Benn Ferriero, Scott Timmins, Kyle Rau

Scratches
Sergei Plotnikov (Healthy), Alexandre Grenier (Healthy), Christophe Lalancette (Healthy), Charles-Olivier Roussel (Healthy), Matt Grzelcyk (Strained Left Knee Injury)
Remi Elie (Healthy), Sean Monahan (Healthy), Louis Belpedio (Healthy), Cameron Darcy (Healthy), Fredrik Olofsson (Healthy)
Nolan Vesey (Healthy), Vaclav Karabacek (Healthy), Kyle Pettit (Healthy), Dylan Sadowy (Healthy), Anton Karlsson (Healthy)
Ebbe Siönäs (Healthy), Sami Aittokallio (Healthy), Kaapo Kahkonen (Healthy)

Sasquatch

5 vs 5 Forward 
   Center                   Left Wing                Right Wing               Time % Phy DF OF 
 1 Devin Shore              Jujhar Khaira            Matt Halischuk           40     1   2  2  
 2 Christoffer Ehn          Ryan Dzingel             Petr Straka              30     1   2  2  
 3 Quinton Howden           Teemu Hartikainen        Hudson Fasching          20     1   2  2  
 4 T.J. Tynan               Brock Trotter            Jerry D'Amigo            10     1   2  2  

5 vs 5 Defense 
   Defense                  Defense                                           Time % Phy DF OF 
 1 Ian Cole                 Patrick Wey                                       40     1   2  2  
 2 Brett Pesce              Martin Marincin                                   30     1   2  2  
 3 Dmitri Orlov             Brett Kulak                                       20     1   2  2  
 4 Martin Marincin          Patrick Wey                                       10     1   2  2  

PowerPlay Forward 
   Center                   Left Wing                Right Wing               Time % Phy DF OF 
 1 Devin Shore              Ryan Dzingel             Matt Halischuk           60     1   2  2  
 2 Christoffer Ehn          Jujhar Khaira            Petr Straka              40     1   2  2  

PowerPlay Defense
   Defense                  Defense                                           Time % Phy DF OF 
 1 Ian Cole                 Patrick Wey                                       60     1   2  2  
 2 Dmitri Orlov             Brett Pesce                                       40     1   2  2  

Penalty Kill 4 Players Forward 
   Center                   Wing                     Time % Phy DF OF 
 1 Quinton Howden           Jujhar Khaira            60     1   2  2  
 2 Jerry D'Amigo            Teemu Hartikainen        40     1   2  2  

Penalty Kill 4 Players Defense
   Defense                  Defense                  Time % Phy DF OF 
 1 Patrick Wey              Martin Marincin          60     1   2  2  
 2 Brett Kulak              Ian Cole                 40     1   2  2  

Penalty Kill - 3 Players Forward 
   Forward                                           Time % Phy DF OF 
 1 Brock Trotter                                     60     1   2  2  
 2 Quinton Howden                                    40     1   2  2  

Penalty Kill - 3 Players Defense
   Defense                  Defense                  Time % Phy DF OF 
 1 Ian Cole                 Martin Marincin          60     1   2  2  
 2 Patrick Wey              Brett Kulak              40     1   2  2  

4 vs 4 Forward 
   Center                   Wing                     Time % Phy DF OF 
 1 Quinton Howden           Matt Halischuk           60     1   2  2  
 2 Christoffer Ehn          Jujhar Khaira            40     1   2  2  

4 vs 4 Defense
   Defense                  Defense                  Time % Phy DF OF 
 1 Ian Cole                 Martin Marincin          60     1   2  2  
 2 Patrick Wey              Brett Pesce              40     1   2  2  

Last Minutes Offensive
   Center                   Left Wing                Right Wing               Defense                  Defense                  
   Devin Shore              Jujhar Khaira            Matt Halischuk           Ian Cole                 Dmitri Orlov             

Last Minutes Defensive
   Center                   Left Wing                Right Wing               Defense                  Defense                  
   Quinton Howden           Teemu Hartikainen        Matt Halischuk           Martin Marincin          Patrick Wey              

Goaltenders
Starting : Joonas Korpisalo         
Backup : Corey Crawford           

Extra Forwards
Normal : Ryan Dzingel, Devin Shore, Petr Straka - PP : Christoffer Ehn, Quinton Howden - PK : Petr Straka
Extra Defensemen
Normal : Dmitri Orlov, Brett Pesce, Brett Kulak - PP : Brett Pesce - PK : Brett Pesce, Dmitri Orlov
Penalty Shots
Devin Shore, Matt Halischuk, Petr Straka, Brock Trotter, Ryan Dzingel

Scratches
Boone Jenner (Suspend), Nikita Nesterov (Healthy), Anton Blidh (Healthy), Dylan Sikura (Healthy), Alex Lintuniemi (Healthy)
Cal Petersen (Healthy)

% Time on Ice - Wolfes

Lines # - Real PCT - Wanted PCT - Time Play
Normal Forward
1 - 32% - 40% - 14:06
2 - 28% - 30% - 12:37
3 - 26% - 20% - 11:38
4 - 14% - 10% - 6:05
Normal Defense
1 - 38% - 40% - 16:48
2 - 29% - 30% - 13:03
3 - 20% - 20% - 8:50
4 - 13% - 10% - 5:45
PP Forward
1 - 49% - 60% - 2:45
2 - 51% - 40% - 2:54
PP Defense
1 - 71% - 60% - 4:02
2 - 29% - 40% - 1:37
PK Forward
1 - 75% - 60% - 7:24
2 - 25% - 40% - 2:31
PK Defense
1 - 59% - 60% - 5:51
2 - 41% - 40% - 4:04
PK3 Forward
1 - 0% - 60%
2 - 0% - 40%
PK3 Defense
1 - 0% - 60%
2 - 0% - 40%
44 Forward
1 - 0% - 60%
2 - 0% - 40%
44 Defense
1 - 0% - 60%
2 - 0% - 40%
Last Minute Offensive  - 0:00
Last Minute Defensive  - 0:00
Total
Forward - 60:00
Defense - 60:00

% Time on Ice - Sasquatch

Lines # - Real PCT - Wanted PCT - Time Play
Normal Forward
1 - 32% - 40% - 14:26
2 - 28% - 30% - 12:33
3 - 22% - 20% - 9:54
4 - 17% - 10% - 7:33
Normal Defense
1 - 40% - 40% - 17:46
2 - 34% - 30% - 15:00
3 - 23% - 20% - 10:15
4 - 3% - 10% - 1:25
PP Forward
1 - 59% - 60% - 5:49
2 - 41% - 40% - 4:06
PP Defense
1 - 63% - 60% - 6:16
2 - 37% - 40% - 3:39
PK Forward
1 - 69% - 60% - 3:53
2 - 31% - 40% - 1:46
PK Defense
1 - 64% - 60% - 3:36
2 - 36% - 40% - 2:03
PK3 Forward
1 - 0% - 60%
2 - 0% - 40%
PK3 Defense
1 - 0% - 60%
2 - 0% - 40%
44 Forward
1 - 0% - 60%
2 - 0% - 40%
44 Defense
1 - 0% - 60%
2 - 0% - 40%
Last Minute Offensive  - 0:00
Last Minute Defensive  - 0:00
Total
Forward - 60:00
Defense - 60:00

Play-by-Play

1st period


0:01 of 1st period - Martin Hanzal wins face-off versus Devin Shore in neutral zone.
0:09 of 1st period - Jeffrey Foss is hit by Jujhar Khaira and loses puck.
0:14 of 1st period - Wrist shot by Devin Shore.
0:14 of 1st period - Deflect By Jujhar Khaira.
0:14 of 1st period - Shot Blocked by Benn Ferriero.
0:14 of 1st period - Puck is out of play.
0:15 of 1st period - Scott Timmins wins face-off versus Christoffer Ehn in Wolfes zone.
0:42 of 1st period - Jacob Lagacé is hit by Quinton Howden and loses puck.
1:02 of 1st period - Icing by Devin Shore.
1:03 of 1st period - Martin Hanzal wins face-off versus Devin Shore in Sasquatch zone.
1:32 of 1st period - Snap shot by Blake Pietila.
1:32 of 1st period - Stopped by Joonas Korpisalo without a rebound.
1:33 of 1st period - Scott Timmins wins face-off versus T.J. Tynan in Sasquatch zone.
1:58 of 1st period - Barclay Goodrow is hit by Ryan Dzingel and loses puck.
2:48 of 1st period - Wrist shot by Scott Timmins.
2:48 of 1st period - Stopped by Joonas Korpisalo without a rebound.
2:49 of 1st period - Martin Hanzal wins face-off versus Christoffer Ehn in Sasquatch zone.
3:10 of 1st period - Minor Penalty to Brett Kulak for Hooking.
3:11 of 1st period - Martin Hanzal wins face-off versus Quinton Howden in Sasquatch zone.
3:38 of 1st period - Michael Stone is hit by Teemu Hartikainen and loses puck.
4:22 of 1st period - Martin Hanzal is hit by Ian Cole and loses puck.
5:10 of 1st period - Penalty to Brett Kulak is over, Brett Kulak is back on ice.
5:29 of 1st period - Snap shot by Petr Straka.
5:29 of 1st period - Shot Blocked by Michael Stone.
5:45 of 1st period - Klas Dahlbeck is hit by Matt Halischuk and loses puck.
6:24 of 1st period - Wrist shot by Angelo Esposito.
6:24 of 1st period - Stopped by Joonas Korpisalo without a rebound.
6:25 of 1st period - Angelo Esposito wins face-off versus Devin Shore in Sasquatch zone.
6:26 of 1st period - Slapshot by Joe Morrow.
6:26 of 1st period - Stopped by Joonas Korpisalo without a rebound.
6:27 of 1st period - Angelo Esposito wins face-off versus Devin Shore in Sasquatch zone.
6:28 of 1st period - Slapshot by Joe Morrow.
6:28 of 1st period - Stopped by Joonas Korpisalo without a rebound.
6:29 of 1st period - Devin Shore wins face-off versus Nicolas Deschamps in Sasquatch zone.
6:42 of 1st period - Snap shot by Victor Olofsson.
6:42 of 1st period - Shot Blocked by Jujhar Khaira.
6:44 of 1st period - Slapshot by Jamie Oleksiak.
6:44 of 1st period - Stopped by Joonas Korpisalo without a rebound.
6:45 of 1st period - Martin Hanzal wins face-off versus Quinton Howden in Sasquatch zone.
6:48 of 1st period - Slapshot by Martin Hanzal.
6:48 of 1st period - Stopped by Joonas Korpisalo with a rebound.
7:28 of 1st period - Wrist shot by Blake Pietila.
7:28 of 1st period - Shot Misses the Net.
7:30 of 1st period - Wrist shot by Blake Pietila.
7:30 of 1st period - Shot Blocked by Brett Pesce.
7:32 of 1st period - Snap shot by Blake Pietila.
7:32 of 1st period - Shot Blocked by Martin Marincin.
7:34 of 1st period - Snap shot by Martin Hanzal.
7:34 of 1st period - Stopped by Joonas Korpisalo with a rebound.
7:36 of 1st period - Snap shot by Benn Ferriero.
7:36 of 1st period - Shot Misses the Net.
7:38 of 1st period - Snap shot by Blake Pietila.
7:38 of 1st period - Shot Misses the Net.
7:40 of 1st period - Wrist shot by Blake Pietila.
7:40 of 1st period - Stopped by Joonas Korpisalo with a rebound.
7:42 of 1st period - Slapshot by Benn Ferriero.
7:42 of 1st period - Stopped by Joonas Korpisalo with a rebound.
7:44 of 1st period - Slapshot by Blake Pietila.
7:44 of 1st period - Stopped by Joonas Korpisalo with a rebound.
7:46 of 1st period - Wrist shot by Blake Pietila.
7:46 of 1st period - Stopped by Joonas Korpisalo with a rebound.
7:48 of 1st period - Slapshot by Jeffrey Foss.
7:48 of 1st period - Shot Blocked by Brett Pesce.
7:50 of 1st period - Slapshot by Michael Stone.
7:50 of 1st period - Stopped by Joonas Korpisalo with a rebound.
7:52 of 1st period - Wrist shot by Benn Ferriero.
7:52 of 1st period - Shot Misses the Net.
7:54 of 1st period - Slapshot by Jeffrey Foss.
7:54 of 1st period - Stopped by Joonas Korpisalo with a rebound.
7:56 of 1st period - Wrist shot by Blake Pietila.
7:56 of 1st period - Shot Misses the Net.
7:58 of 1st period - Snap shot by Blake Pietila.
7:58 of 1st period - Deflect By Martin Hanzal.
7:58 of 1st period - Stopped by Joonas Korpisalo with a rebound.
8:11 of 1st period - Snap shot by Martin Hanzal.
8:11 of 1st period - Stopped by Joonas Korpisalo with a rebound.
8:13 of 1st period - Slapshot by Jeffrey Foss.
8:13 of 1st period - Shot Blocked by Christoffer Ehn.
8:21 of 1st period - Wrist shot by Benn Ferriero.
8:21 of 1st period - Goal by Benn Ferriero - Wolfes : 1 - Sasquatch : 0.
8:22 of 1st period - Devin Shore wins face-off versus Scott Timmins in neutral zone.
8:31 of 1st period - Snap shot by Jujhar Khaira.
8:31 of 1st period - Shot Misses the Net.
8:33 of 1st period - Snap shot by Jujhar Khaira.
8:33 of 1st period - Stopped by Laurent Brossoit with a rebound.
8:35 of 1st period - Snap shot by Jujhar Khaira.
8:35 of 1st period - Deflect By Devin Shore.
8:35 of 1st period - Shot Misses the Net.
8:35 of 1st period - Puck is out of play.
8:36 of 1st period - Scott Timmins wins face-off versus Devin Shore in Wolfes zone.
9:02 of 1st period - Quinton Howden is hit by Jacob Lagacé and loses puck.
9:25 of 1st period - Wrist shot by Brock Trotter.
9:25 of 1st period - Shot Misses the Net.
10:20 of 1st period - Slapshot by Teemu Hartikainen.
10:20 of 1st period - Stopped by Laurent Brossoit with a rebound.
10:32 of 1st period - Wrist shot by Brock Trotter.
10:32 of 1st period - Shot Misses the Net.
10:34 of 1st period - Snap shot by Brett Kulak.
10:34 of 1st period - Shot Blocked by Jacob Lagacé.
10:36 of 1st period - Wrist shot by Brock Trotter.
10:36 of 1st period - Deflect By Joe Morrow.
10:36 of 1st period - Stopped by Laurent Brossoit with a rebound.
10:38 of 1st period - Snap shot by Brett Kulak.
10:38 of 1st period - Deflect By Jamie Oleksiak.
10:38 of 1st period - Stopped by Laurent Brossoit without a rebound.
10:39 of 1st period - Scott Timmins wins face-off versus Devin Shore in Wolfes zone.
10:39 of 1st period - Scott Timmins is hit by Jujhar Khaira.
11:05 of 1st period - Benn Ferriero is hit by Ian Cole and loses puck.
11:15 of 1st period - Off-side.
11:16 of 1st period - Christoffer Ehn wins face-off versus Kyle Rau in neutral zone.
11:23 of 1st period - Wrist shot by Petr Straka.
11:23 of 1st period - Stopped by Laurent Brossoit with a rebound.
11:56 of 1st period - Minor Penalty to Matt Halischuk for Delaying the game.
11:57 of 1st period - Quinton Howden wins face-off versus Martin Hanzal in Sasquatch zone.
12:06 of 1st period - Wrist shot by Martin Hanzal.
12:06 of 1st period - Shot Blocked by Quinton Howden.
12:34 of 1st period - Patrick Wey is hit by Joe Morrow and loses puck.
13:22 of 1st period - Jeffrey Foss is hit by Martin Marincin and loses puck.
13:29 of 1st period - Jerry D'Amigo is hit by Martin Hanzal and loses puck.
13:56 of 1st period - Penalty to Matt Halischuk is over, Matt Halischuk is back on ice.
14:09 of 1st period - Snap shot by Jerry D'Amigo.
14:09 of 1st period - Stopped by Laurent Brossoit with a rebound.
14:11 of 1st period - Slapshot by Matt Halischuk.
14:11 of 1st period - Stopped by Laurent Brossoit with a rebound.
14:13 of 1st period - Slapshot by Martin Marincin.
14:13 of 1st period - Stopped by Laurent Brossoit with a rebound.
14:15 of 1st period - Snap shot by Teemu Hartikainen.
14:15 of 1st period - Shot Misses the Net.
14:19 of 1st period - Slapshot by Matt Halischuk.
14:19 of 1st period - Shot Misses the Net.
14:21 of 1st period - Snap shot by Martin Marincin.
14:21 of 1st period - Stopped by Laurent Brossoit with a rebound.
14:23 of 1st period - Snap shot by Matt Halischuk.
14:23 of 1st period - Shot Blocked by Anton Lindholm.
14:25 of 1st period - Wrist shot by Martin Marincin.
14:25 of 1st period - Stopped by Laurent Brossoit with a rebound.
14:27 of 1st period - Snap shot by Teemu Hartikainen.
14:27 of 1st period - Shot Misses the Net.
14:29 of 1st period - Slapshot by Martin Marincin.
14:29 of 1st period - Stopped by Laurent Brossoit with a rebound.
14:41 of 1st period - Slapshot by Matt Halischuk.
14:41 of 1st period - Deflect By Jerry D'Amigo.
14:41 of 1st period - Stopped by Laurent Brossoit with a rebound.
14:43 of 1st period - Snap shot by Matt Halischuk.
14:43 of 1st period - Shot Misses the Net.
14:45 of 1st period - Slapshot by Teemu Hartikainen.
14:45 of 1st period - Shot Blocked by Barclay Goodrow.
14:49 of 1st period - Wrist shot by Jerry D'Amigo.
14:49 of 1st period - Stopped by Laurent Brossoit without a rebound.
14:50 of 1st period - Christoffer Ehn wins face-off versus Martin Hanzal in Wolfes zone.
14:57 of 1st period - Wrist shot by Benn Ferriero.
14:57 of 1st period - Shot Misses the Net.
14:59 of 1st period - Snap shot by Martin Hanzal.
14:59 of 1st period - Goal by Martin Hanzal - Wolfes : 2 - Sasquatch : 0.
15:00 of 1st period - Devin Shore wins face-off versus Martin Hanzal in neutral zone.
15:12 of 1st period - Minor Penalty to Blake Pietila for Hooking.
15:13 of 1st period - Martin Hanzal wins face-off versus Devin Shore in Wolfes zone.
17:12 of 1st period - Penalty to Blake Pietila is over, Blake Pietila is back on ice.
17:23 of 1st period - Benn Ferriero is hit by Quinton Howden and loses puck.
17:38 of 1st period - Blake Pietila is hit by T.J. Tynan and loses puck.
18:58 of 1st period - Barclay Goodrow is hit by Ian Cole and loses puck.
19:15 of 1st period - Slapshot by Ian Cole.
19:15 of 1st period - Shot Blocked by Michael Stone.
Goals for this period are 2 for Wolfes vs 0 for Sasquatch.
Shots for this period are 18 for Wolfes vs 13 for Sasquatch.

2nd period


0:01 of 2nd period - Martin Hanzal wins face-off versus Devin Shore in neutral zone.
0:40 of 2nd period - Wrist shot by Jujhar Khaira.
0:40 of 2nd period - Shot Blocked by Kyle Rau.
1:07 of 2nd period - Slapshot by Jamie Oleksiak.
1:07 of 2nd period - Stopped by Joonas Korpisalo without a rebound.
1:08 of 2nd period - Martin Hanzal wins face-off versus Quinton Howden in Sasquatch zone.
1:09 of 2nd period - Wrist shot by Benn Ferriero.
1:09 of 2nd period - Shot Blocked by Brett Pesce.
1:17 of 2nd period - Slapshot by Blake Pietila.
1:17 of 2nd period - Goal by Blake Pietila - Wolfes : 3 - Sasquatch : 0.
1:18 of 2nd period - Martin Hanzal wins face-off versus Christoffer Ehn in neutral zone.
1:21 of 2nd period - Wrist shot by Benn Ferriero.
1:21 of 2nd period - Shot Misses the Net.
1:23 of 2nd period - Wrist shot by Benn Ferriero.
1:23 of 2nd period - Shot Blocked by Brett Pesce.
1:25 of 2nd period - Snap shot by Michael Stone.
1:25 of 2nd period - Stopped by Joonas Korpisalo with a rebound.
1:27 of 2nd period - Slapshot by Jeffrey Foss.
1:27 of 2nd period - Stopped by Joonas Korpisalo without a rebound.
1:28 of 2nd period - Martin Hanzal wins face-off versus Christoffer Ehn in Sasquatch zone.
1:45 of 2nd period - Snap shot by Petr Straka.
1:45 of 2nd period - Deflect By Ryan Dzingel.
1:45 of 2nd period - Stopped by Laurent Brossoit without a rebound.
1:46 of 2nd period - Scott Timmins wins face-off versus Devin Shore in Wolfes zone.
2:39 of 2nd period - Petr Straka is hit by Barclay Goodrow.
2:47 of 2nd period - Snap shot by Jacob Lagacé.
2:47 of 2nd period - Stopped by Joonas Korpisalo with a rebound.
3:01 of 2nd period - Wrist shot by Angelo Esposito.
3:01 of 2nd period - Shot Misses the Net.
3:13 of 2nd period - Backhand shot by Petr Straka.
3:13 of 2nd period - Stopped by Laurent Brossoit with a rebound.
4:29 of 2nd period - Snap shot by Matt Halischuk.
4:29 of 2nd period - Shot Misses the Net.
4:31 of 2nd period - Wrist shot by Jujhar Khaira.
4:31 of 2nd period - Shot Misses the Net.
4:33 of 2nd period - Slapshot by Ian Cole.
4:33 of 2nd period - Deflect By Jujhar Khaira.
4:33 of 2nd period - Stopped by Laurent Brossoit with a rebound.
6:41 of 2nd period - Jacob Lagacé is hit by Matt Halischuk and loses puck.
7:09 of 2nd period - Minor Penalty to Angelo Esposito for Tripping.
7:10 of 2nd period - Martin Hanzal wins face-off versus Matt Halischuk in Wolfes zone.
7:10 of 2nd period - Martin Hanzal is hit by Ryan Dzingel.
7:38 of 2nd period - Snap shot by Jamie Oleksiak.
7:38 of 2nd period - Shot Misses the Net.
7:53 of 2nd period - Icing by Patrick Wey.
7:54 of 2nd period - Devin Shore wins face-off versus Martin Hanzal in Sasquatch zone.
8:22 of 2nd period - Wrist shot by Benn Ferriero.
8:22 of 2nd period - Stopped by Joonas Korpisalo with a rebound.
8:39 of 2nd period - Joe Morrow is hit by Matt Halischuk and loses puck.
9:00 of 2nd period - Slapshot by Patrick Wey.
9:00 of 2nd period - Stopped by Laurent Brossoit with a rebound.
9:09 of 2nd period - Penalty to Angelo Esposito is over, Angelo Esposito is back on ice.
9:15 of 2nd period - Off-side.
9:16 of 2nd period - Christoffer Ehn wins face-off versus Scott Timmins in neutral zone.
9:21 of 2nd period - Jujhar Khaira is hit by Klas Dahlbeck and loses puck.
9:37 of 2nd period - Slapshot by Petr Straka.
9:37 of 2nd period - Stopped by Laurent Brossoit with a rebound.
10:45 of 2nd period - T.J. Tynan is hit by Kyle Rau and loses puck.
11:14 of 2nd period - Slapshot by Brett Pesce.
11:14 of 2nd period - Stopped by Laurent Brossoit without a rebound.
11:15 of 2nd period - Scott Timmins wins face-off versus Devin Shore in Wolfes zone.
11:26 of 2nd period - Scott Timmins is hit by Ian Cole and loses puck.
11:49 of 2nd period - Wrist shot by Zachary Sanford.
11:49 of 2nd period - Stopped by Joonas Korpisalo without a rebound.
11:50 of 2nd period - Quinton Howden wins face-off versus Martin Hanzal in Sasquatch zone.
11:50 of 2nd period - Quinton Howden is hit by Blake Pietila.
12:18 of 2nd period - Wrist shot by Kyle Rau.
12:18 of 2nd period - Deflect By Barclay Goodrow.
12:18 of 2nd period - Stopped by Joonas Korpisalo without a rebound.
12:19 of 2nd period - Kyle Rau wins face-off versus Jujhar Khaira in Sasquatch zone.
12:34 of 2nd period - Snap shot by Devin Shore.
12:34 of 2nd period - Stopped by Laurent Brossoit with a rebound.
12:40 of 2nd period - Minor Penalty to Barclay Goodrow for Cross-checking.
12:41 of 2nd period - Martin Hanzal wins face-off versus Devin Shore in Wolfes zone.
12:41 of 2nd period - Martin Hanzal is hit by Ryan Dzingel.
13:19 of 2nd period - Wrist shot by Jujhar Khaira.
13:19 of 2nd period - Stopped by Laurent Brossoit without a rebound.
13:20 of 2nd period - Benn Ferriero wins face-off versus Devin Shore in Wolfes zone.
13:50 of 2nd period - Jamie Oleksiak is hit by Petr Straka and loses puck.
14:40 of 2nd period - Penalty to Barclay Goodrow is over, Barclay Goodrow is back on ice.
14:47 of 2nd period - Barclay Goodrow is hit by Teemu Hartikainen and loses puck.
15:12 of 2nd period - Jerry D'Amigo is hit by Scott Timmins and loses puck.
15:39 of 2nd period - Slapshot by Dmitri Orlov.
15:39 of 2nd period - Shot Blocked by Anton Lindholm.
15:41 of 2nd period - Slapshot by Brett Pesce.
15:41 of 2nd period - Shot Blocked by Kyle Rau.
15:43 of 2nd period - Snap shot by Petr Straka.
15:43 of 2nd period - Shot Blocked by Klas Dahlbeck.
15:58 of 2nd period - Off-side.
15:59 of 2nd period - Martin Hanzal wins face-off versus Christoffer Ehn in neutral zone.
16:07 of 2nd period - Minor Penalty to Petr Straka for Hooking.
16:08 of 2nd period - Martin Hanzal wins face-off versus Quinton Howden in Sasquatch zone.
16:18 of 2nd period - Slapshot by Blake Pietila.
16:18 of 2nd period - Deflect By Martin Hanzal.
16:18 of 2nd period - Shot Misses the Net.
16:18 of 2nd period - Puck is out of play.
16:19 of 2nd period - Quinton Howden wins face-off versus Blake Pietila in Sasquatch zone.
17:09 of 2nd period - Ian Cole is hit by Scott Timmins and loses puck.
17:32 of 2nd period - Slapshot by Jeffrey Foss.
17:32 of 2nd period - Shot Misses the Net.
17:42 of 2nd period - Slapshot by Jeffrey Foss.
17:42 of 2nd period - Deflect By Martin Marincin.
17:42 of 2nd period - Stopped by Joonas Korpisalo with a rebound.
17:48 of 2nd period - Wrist shot by Thomas Spelling.
17:48 of 2nd period - Goal by Thomas Spelling - Wolfes : 4 - Sasquatch : 0.
17:49 of 2nd period - Devin Shore wins face-off versus Martin Hanzal in neutral zone.
17:52 of 2nd period - Wrist shot by Jujhar Khaira.
17:52 of 2nd period - Shot Blocked by Benn Ferriero.
17:58 of 2nd period - Wrist shot by Benn Ferriero.
17:58 of 2nd period - Stopped by Joonas Korpisalo with a rebound.
18:00 of 2nd period - Slapshot by Joe Morrow.
18:00 of 2nd period - Deflect By Matt Halischuk.
18:00 of 2nd period - Stopped by Joonas Korpisalo without a rebound.
18:01 of 2nd period - Martin Hanzal wins face-off versus Devin Shore in Sasquatch zone.
19:19 of 2nd period - Wrist shot by Angelo Esposito.
19:19 of 2nd period - Shot Misses the Net.
19:21 of 2nd period - Wrist shot by Angelo Esposito.
19:21 of 2nd period - Stopped by Joonas Korpisalo without a rebound.
19:22 of 2nd period - T.J. Tynan wins face-off versus Martin Hanzal in Sasquatch zone.
Goals for this period are 2 for Wolfes vs 0 for Sasquatch.
Shots for this period are 13 for Wolfes vs 8 for Sasquatch.

3rd period


0:01 of 3rd period - Martin Hanzal wins face-off versus Devin Shore in neutral zone.
0:26 of 3rd period - Devin Shore is hit by Jeffrey Foss and loses puck.
0:37 of 3rd period - Slapshot by Joe Morrow.
0:37 of 3rd period - Shot Blocked by Patrick Wey.
0:39 of 3rd period - Slapshot by Joe Morrow.
0:39 of 3rd period - Stopped by Joonas Korpisalo without a rebound.
0:40 of 3rd period - Christoffer Ehn wins face-off versus Martin Hanzal in Sasquatch zone.
0:40 of 3rd period - Brett Pesce is hit by Benn Ferriero.
0:47 of 3rd period - Minor Penalty to Martin Hanzal for Tripping.
0:48 of 3rd period - Devin Shore wins face-off versus Kyle Rau in Wolfes zone.
1:25 of 3rd period - Off-side.
1:26 of 3rd period - Scott Timmins wins face-off versus Christoffer Ehn in neutral zone.
1:57 of 3rd period - Snap shot by Brett Pesce.
1:57 of 3rd period - Deflect By Devin Shore.
1:57 of 3rd period - Shot Misses the Net.
1:57 of 3rd period - Puck is out of play.
1:58 of 3rd period - Devin Shore wins face-off versus Scott Timmins in Wolfes zone.
2:23 of 3rd period - Ian Cole is hit by Blake Pietila.
2:47 of 3rd period - Penalty to Martin Hanzal is over, Martin Hanzal is back on ice.
2:58 of 3rd period - Joe Morrow is hit by Teemu Hartikainen and loses puck.
3:42 of 3rd period - Minor Penalty to Anton Lindholm for Roughing.
3:43 of 3rd period - Devin Shore wins face-off versus Martin Hanzal in Wolfes zone.
5:42 of 3rd period - Penalty to Anton Lindholm is over, Anton Lindholm is back on ice.
7:04 of 3rd period - Off-side.
7:05 of 3rd period - Angelo Esposito wins face-off versus Quinton Howden in neutral zone.
7:10 of 3rd period - Slapshot by Quinton Howden.
7:10 of 3rd period - Stopped by Laurent Brossoit without a rebound.
7:11 of 3rd period - Quinton Howden wins face-off versus Angelo Esposito in Wolfes zone.
7:18 of 3rd period - Slapshot by Teemu Hartikainen.
7:18 of 3rd period - Shot Misses the Net.
7:20 of 3rd period - Snap shot by Dmitri Orlov.
7:20 of 3rd period - Deflect By Michael Stone.
7:20 of 3rd period - Stopped by Laurent Brossoit with a rebound.
7:50 of 3rd period - Slapshot by Jeffrey Foss.
7:50 of 3rd period - Deflect By Martin Hanzal.
7:50 of 3rd period - Goal by Martin Hanzal - Wolfes : 5 - Sasquatch : 0.
7:51 of 3rd period - Devin Shore wins face-off versus Scott Timmins in neutral zone.
8:02 of 3rd period - Snap shot by Jujhar Khaira.
8:02 of 3rd period - Stopped by Laurent Brossoit with a rebound.
8:21 of 3rd period - Off-side.
8:22 of 3rd period - Christoffer Ehn wins face-off versus Martin Hanzal in neutral zone.
8:49 of 3rd period - Slapshot by Jamie Oleksiak.
8:49 of 3rd period - Stopped by Joonas Korpisalo with a rebound.
9:16 of 3rd period - Wrist shot by Matt Halischuk.
9:16 of 3rd period - Deflect By Michael Stone.
9:16 of 3rd period - Shot Misses the Net.
9:16 of 3rd period - Puck is out of play.
9:17 of 3rd period - Martin Hanzal wins face-off versus Christoffer Ehn in Wolfes zone.
9:43 of 3rd period - Patrick Wey is hit by Jeffrey Foss and loses puck.
9:54 of 3rd period - Off-side.
9:55 of 3rd period - Christoffer Ehn wins face-off versus Scott Timmins in neutral zone.
10:45 of 3rd period - Slapshot by Brett Pesce.
10:45 of 3rd period - Stopped by Laurent Brossoit without a rebound.
10:46 of 3rd period - Devin Shore wins face-off versus Scott Timmins in Wolfes zone.
11:14 of 3rd period - Jeffrey Foss is hit by Martin Marincin and loses puck.
11:27 of 3rd period - Wrist shot by Zachary Sanford.
11:27 of 3rd period - Shot Blocked by Martin Marincin.
11:29 of 3rd period - Slapshot by Michael Stone.
11:29 of 3rd period - Shot Misses the Net.
11:41 of 3rd period - Snap shot by Zachary Sanford.
11:41 of 3rd period - Stopped by Joonas Korpisalo with a rebound.
11:43 of 3rd period - Slapshot by Jeffrey Foss.
11:43 of 3rd period - Stopped by Joonas Korpisalo with a rebound.
11:45 of 3rd period - Slapshot by Michael Stone.
11:45 of 3rd period - Deflect By Thomas Spelling.
11:45 of 3rd period - Shot Misses the Net.
11:45 of 3rd period - Puck is out of play.
11:46 of 3rd period - Martin Hanzal wins face-off versus Devin Shore in Sasquatch zone.
11:52 of 3rd period - Off-side.
11:53 of 3rd period - Martin Hanzal wins face-off versus Devin Shore in neutral zone.
12:36 of 3rd period - Slapshot by Joe Morrow.
12:36 of 3rd period - Shot Blocked by Ian Cole.
12:38 of 3rd period - Slapshot by Blake Pietila.
12:38 of 3rd period - Goal by Blake Pietila - Wolfes : 6 - Sasquatch : 0.
12:39 of 3rd period - Christoffer Ehn wins face-off versus Scott Timmins in neutral zone.
12:47 of 3rd period - Icing by Thomas Spelling.
12:48 of 3rd period - Ryan Dzingel wins face-off versus Scott Timmins in Wolfes zone.
12:49 of 3rd period - Slapshot by Dmitri Orlov.
12:49 of 3rd period - Shot Blocked by Michael Stone.
12:51 of 3rd period - Slapshot by Christoffer Ehn.
12:51 of 3rd period - Goal by Christoffer Ehn - Wolfes : 6 - Sasquatch : 1.
12:52 of 3rd period - Blake Pietila wins face-off versus Jujhar Khaira in neutral zone.
12:56 of 3rd period - Jeffrey Foss is hit by Ian Cole and loses puck.
13:48 of 3rd period - Off-side.
13:49 of 3rd period - Angelo Esposito wins face-off versus Devin Shore in neutral zone.
13:51 of 3rd period - Jeffrey Foss is hit by Brett Kulak and loses puck.
14:01 of 3rd period - Icing by Brett Kulak.
14:02 of 3rd period - Devin Shore wins face-off versus Martin Hanzal in Sasquatch zone.
14:09 of 3rd period - Slapshot by Dmitri Orlov.
14:09 of 3rd period - Goal by Dmitri Orlov - Wolfes : 6 - Sasquatch : 2.
14:10 of 3rd period - Martin Hanzal wins face-off versus Devin Shore in neutral zone.
14:25 of 3rd period - Snap shot by Martin Hanzal.
14:25 of 3rd period - Stopped by Joonas Korpisalo without a rebound.
14:26 of 3rd period - Scott Timmins wins face-off versus Christoffer Ehn in Sasquatch zone.
14:27 of 3rd period - Slapshot by Zachary Sanford.
14:27 of 3rd period - Stopped by Joonas Korpisalo without a rebound.
14:28 of 3rd period - Christoffer Ehn wins face-off versus Scott Timmins in Sasquatch zone.
14:30 of 3rd period - Ian Cole is hit by Scott Timmins and loses puck.
15:38 of 3rd period - Snap shot by Scott Timmins.
15:38 of 3rd period - Shot Blocked by Dmitri Orlov.
15:56 of 3rd period - Backhand shot by Dmitri Orlov.
15:56 of 3rd period - Shot Misses the Net.
15:58 of 3rd period - Slapshot by Petr Straka.
15:58 of 3rd period - Stopped by Laurent Brossoit without a rebound.
15:59 of 3rd period - Christoffer Ehn wins face-off versus Angelo Esposito in Wolfes zone.
16:02 of 3rd period - Slapshot by Patrick Wey.
16:02 of 3rd period - Stopped by Laurent Brossoit without a rebound.
16:03 of 3rd period - Christoffer Ehn wins face-off versus Martin Hanzal in Wolfes zone.
16:12 of 3rd period - Wrist shot by Ryan Dzingel.
16:12 of 3rd period - Shot Misses the Net.
17:13 of 3rd period - Snap shot by Blake Pietila.
17:13 of 3rd period - Shot Blocked by Dmitri Orlov.
17:34 of 3rd period - Wrist shot by Martin Hanzal.
17:34 of 3rd period - Stopped by Joonas Korpisalo with a rebound.
17:36 of 3rd period - Backhand shot by Anton Lindholm.
17:36 of 3rd period - Stopped by Joonas Korpisalo with a rebound.
17:48 of 3rd period - Jeffrey Foss is hit by Matt Halischuk.
18:00 of 3rd period - Snap shot by Quinton Howden.
18:00 of 3rd period - Stopped by Laurent Brossoit with a rebound.
18:02 of 3rd period - Snap shot by Teemu Hartikainen.
18:02 of 3rd period - Shot Misses the Net.
18:04 of 3rd period - Wrist shot by Hudson Fasching.
18:04 of 3rd period - Stopped by Laurent Brossoit with a rebound.
18:06 of 3rd period - Slapshot by Quinton Howden.
18:06 of 3rd period - Shot Misses the Net.
18:08 of 3rd period - Slapshot by Patrick Wey.
18:08 of 3rd period - Shot Blocked by Joonas Lyytinen.
18:18 of 3rd period - Jerry D'Amigo is hit by Blake Pietila and loses puck.
19:21 of 3rd period - Jeffrey Foss is hit by Hudson Fasching and loses puck.
19:43 of 3rd period - Jacob Lagacé is hit by Patrick Wey and loses puck.
Goals for this period are 2 for Wolfes vs 2 for Sasquatch.
Shots for this period are 10 for Wolfes vs 10 for Sasquatch.